 Dungeon Crawl Stone Soup version 0.29-a0-330-g52719c12eb (webtiles) character file.

Game seed: 122657123891566968

429 Anon1729 the Skirmisher (level 6, 0/56 HPs)
             Began as a Minotaur Monk on May 27, 2022.
             Was a Priest of Uskayaw.
             Slain by Menkaure (20 damage)
             ... on level 4 of the Dungeon.
             The game lasted 00:01:31 (2635 turns).

Anon1729 the Skirmisher (Minotaur Monk)             Turns: 2635, Time: 00:01:32

Health: 0/56       AC:  6    Str: 16    XL:     6   Next: 66%
Magic:  7/7        EV: 12    Int:  7    God:    Uskayaw [***...]
Gold:   165        SH:  0    Dex: 14    Spells: 5/5 levels left

rFire   . . .      SeeInvis .   m - +11 hand axe "Xotinus" {vorpal, rElec rPois Stlth+}
rCold   . . .      Faith    .   (no shield)
rNeg    . . .      Spirit   .   l - +0 ring mail
rPois   +          Reflect  .   (helmet restricted)
rElec   +          Harm     .   (no cloak)
rCorr   .          Rampage  .   j - +0 pair of gloves
Will    .....                   (no boots)
Stlth   +++.......              (no amulet)
HPRegen 0.18/turn               (no ring)
MPRegen 0.10/turn               (no ring)

@: no status effects
A: horns 2, retaliatory headbutt
a: Renounce Religion, Stomp, Line Pass


You were on level 4 of the Dungeon.
You worshipped Uskayaw.
Uskayaw was noncommittal.
You visited 1 branch of the dungeon, and saw 4 of its levels.

You collected 165 gold pieces.

Inventory:

Hand Weapons
 a - a +0 falchion
 m - the +11 hand axe "Xotinus" (weapon) {vorpal, rElec rPois Stlth+}
   (You found it on level 2 of the Dungeon)

   It inflicts extra damage upon your enemies.
   rElec:     It insulates you from electricity.
   rPois:     It protects you from poison.
   Stlth:     It makes you more stealthy.
Armour
 b - a +0 robe
 j - a +0 pair of gloves (worn)
 l - a +0 ring mail (worn)
Jewellery
 g - an amulet of guardian spirit
 p - a +6 ring of strength
Wands
 n - a wand of charming (8)
Scrolls
 d - 3 scrolls of identify {unknown}
 e - a scroll of enchant weapon {unknown}
 i - a scroll of teleportation {unknown}
 k - a scroll of holy word {unknown}
 r - 2 scrolls of summoning {unknown}
Potions
 c - 2 potions of ambrosia
 f - a potion of flight {unknown}
 h - a potion of degeneration {unknown}
 o - a potion of magic {unknown}
 q - a potion of might {unknown}


   Skills:
 + Level 5.0 Fighting
 + Level 4.9 Long Blades
 + Level 4.4 Dodging
 + Level 2.9 Stealth
 * Level 3.8 Invocations


You had 5 spell levels left.
You didn't know any spells.
Your spell library contained the following spells:

 Spells                   Type           Power      Damage    Failure   Level
 Magic Dart               Conj           0%         1d3       65%         1
 Call Imp                 Summ           0%         N/A       80%         2
 Scorch                   Fire           0%         2d5       80%         2
 Mephitic Cloud           Conj/Pois/Air  0%         N/A       95%         3
 Portal Projectile        Hex/Tloc       0%         N/A       95%         3
 Flame Wave               Conj/Fire      0%         2d4       100%        4
 Summon Ice Beast         Ice/Summ       0%         N/A       100%        4
 Blade Hands              Tmut           0%         N/A       100%        5
 Excruciating Wounds      Necr           0%         N/A       100%        5
 Summon Cactus Giant      Summ           0%         N/A       100%        6


Dungeon Overview and Level Annotations

Branches:
Dungeon (4/15)
 Temple: D:4-7

Altars:
Ashenzari
Makhleb
Uskayaw
Wu Jian
Zin

Annotations:
D:4 1 runed translucent door, Crazy Yiuf, Dowan, Menkaure


Innate Abilities, Weirdness & Mutations

You have a pair of horns on your head.
You reflexively headbutt those who attack you in melee.


Message History

Dowan and a kobold come into view.
Dowan is wielding a +0 dagger and carrying a wand of flame (16).
You see here an adder corpse.
You closely miss Duvessa. You headbutt Duvessa.
Duvessa is lightly wounded.
Duvessa closely misses you.
Dowan casts a spell.
Dowan blinks!
You can now pass through a line of other dancers.
You hit Duvessa. Your headbutt misses Duvessa.
Duvessa is lightly wounded.
Duvessa hits you with a +0 short sword.
You slash Duvessa!
Duvessa is heavily wounded.
Duvessa hits you with a +0 short sword. x2
Uskayaw will force your foes to helplessly watch your dance.
Uskayaw prepares the audience for your solo!
The helpless Duvessa fails to defend herself.
You slash Duvessa!
You kill Duvessa!
Dowan seems to find hidden reserves of power!
Dowan is no longer paralysed.
Dowan says, "Her death will not be in vain!"
Menkaure, Prince of Dust comes into view.
Your Fighting skill increases to level 5!
The kobold is no longer paralysed.
The kobold closely misses you.
Menkaure calls on the powers of darkness!
Your body is wracked with pain!
Things that are here:
a +0 short sword; a +0 leather armour; the elf corpse of Duvessa You are too injured to fight recklessly!
You are too injured to fight recklessly!
You are too injured to fight recklessly!
You are too injured to fight recklessly!
The kobold attacks as you move away! The kobold hits you with a +0 dagger.
You see here an adder corpse.
The kobold attacks as you move away! The kobold closely misses you.
Dowan shakes with grief.
Menkaure hits you!!
You die...

#.#.# ##.## #...#
#...# #...# #...# ##
#..<# ##..## ..#
#.#..#####....###..#
#..................#
####..###..........#
.[.........#M....##
#.###.###.###@....#
# #.. #.#.†.....#
##. #.#K#.....#
..#.#e#####.#
#.#.#.# ... ..#.#
... #.# .. #.. ..#


You could see Menkaure, Dowan (fast) and a kobold.

Vanquished Creatures
  Duvessa (D:4)
  A phantom (D:3)
  A centaur (D:3)
  A scorpion (D:3)
  3 gnolls (D:3)
  4 adders
  A dart slug (D:3)
  An orc (D:3)
  3 endoplasms
  A giant cockroach (D:2)
  3 goblins (D:1)
  3 hobgoblins
  8 jackals (D:1)
  4 quokkas
  2 ball pythons (D:2)
  3 bats
  6 frilled lizards
  6 kobolds
  5 rats
57 creatures vanquished.

Notes
Turn   | Place    | Note
-------+----------+-------------------------------------------
     0 | D:1      | Anon1729 the Minotaur Monk began the quest for the Orb.
     0 | D:1      | Reached XP level 1. HP: 19/19 MP: 0/0
   324 | D:1      | Reached XP level 2. HP: 19/27 MP: 1/1
   329 | D:1      | Reached skill level 1 in Invocations
   800 | D:1      | You fall into a shaft and drop 1 floor!
  1004 | D:2      | Reached XP level 3. HP: 31/33 MP: 3/3
  1070 | D:2      | Reached skill level 4 in Fighting
  1416 | D:2      | Got the Collected Works on the Aerial Escort
  1618 | D:2      | Identified the +11 hand axe "Xotinus" {vorpal, rElec rPois
                  | Stlth+}
  1801 | D:3      | Found a hide-covered altar of Uskayaw.
  1801 | D:3      | Found a broken altar of Ashenzari.
  1803 | D:3      | Found a glowing silver altar of Zin.
  1806 | D:3      | Reached XP level 4. HP: 40/40 MP: 4/4
  1813 | D:3      | Found an ornate altar of the Wu Jian Council.
  1816 | D:3      | Became a worshipper of Uskayaw the Reveller
  1816 | D:3      | Reached * piety under Uskayaw
  1859 | D:3      | Found a burning altar of Makhleb.
  1950 | D:3      | Noticed a phantom
  1956 | D:3      | Reached ** piety under Uskayaw
  1957 | D:3      | Killed a phantom
  1958 | D:3      | Reached XP level 5. HP: 37/47 MP: 5/5
  2166 | D:3      | Noticed a centaur
  2176 | D:3      | Killed a centaur
  2177 | D:3      | Reached XP level 6. HP: 52/53 MP: 7/7
  2606 | D:4      | Found a runed translucent door.
  2607 | D:4      | Noticed Crazy Yiuf
  2627 | D:4      | Noticed Duvessa
  2628 | D:4      | Noticed Dowan
  2631 | D:4      | Reached *** piety under Uskayaw
  2632 | D:4      | Killed Duvessa
  2632 | D:4      | Noticed Menkaure
  2633 | D:4      | Reached skill level 5 in Fighting
  2635 | D:4      | Slain by Menkaure

Illustrated notes

Levels and vault maps discovered:
D:1:      dpeg_arrival_snail, layout_basic
D:2:      layout_basic
D:3:      layout_basic, mainiacjoe_overflow_alcove_3,
          nicolae_overflow_crystal_walls
D:4:      layout_basic, uniq_duvessa, uniq_menkaure, uniq_crazy_yiuf_cottage,
          uniq_robin

Skill      XL: |  1  2  3  4  5  6 |
---------------+-------------------+-----
Invocations    | 1 2 3 |  3.8
Fighting       | 4 5 |  5.0
Stealth        | 2 |  2.9
Long Blades    | 4 |  4.9
Dodging        | 4 |  4.4

Action                   |  1- 3 |  4- 6 || total
-------------------------+-------+-------++-------
Melee: Falchion          |    63 |       ||    63
       Headbutt          |    11 |     3 ||    14
       Hand axe          |     6 |    36 ||    42
       Punch             |     1 |     1 ||     2
 Stab: Sleeping          |     2 |     2 ||     4
       Paralysed         |       |     1 ||     1
Armor: Robe              |     7 |       ||     7
       Ring mail         |     4 |     8 ||    12
Dodge: Dodged            |    54 |    16 ||    70

Table legend: (Time is in decaauts)
 A = Elapsed time spent in this place.
 B = Non-inter-level travel time spent in this place.
 C = Inter-level travel time spent in this place.
 D = Time resting spent in this place.
 E = Time spent auto-exploring this place.
 F = Levels seen in this place.
 G = Mean time per level.
                   A        B        C        D        E       F      G
               +--------+--------+--------+--------+--------+-----+--------+
         Total |   2653 |   2545 |    108 |      0 |   2169 |   4 |  663.2 |
       Dungeon |   2653 |   2545 |    108 |      0 |   2169 |   4 |  663.2 |
               +--------+--------+--------+--------+--------+-----+--------+

Top non-repeatable levels by time:
     D:2: 961 daAuts
     D:3: 838 daAuts
     D:1: 805 daAuts
     D:4: 48 daAuts
